 Dungeon Crawl Stone Soup version 0.24-a0-368-g0e0cebd0f3 (webtiles) character file.

Game seed: 15065408743262666619

329 mopl the Firebug (level 6, 0/45 HPs)
             Began as a Hill Orc Fire Elementalist on May 28, 2019.
             Slain by an ogre
             ... wielding a +0 giant club
              (16 damage)
             ... on level 4 of the Dungeon.
             The game lasted 00:07:06 (3994 turns).

mopl the Firebug (Hill Orc Fire Elementalist)       Turns: 3994, Time: 00:07:07

Health: 0/45       AC:  4    Str: 11    XL:     6   Next: 51%
Magic:  7/11       EV: 12    Int: 17    God:
Gold:   251        SH:  0    Dex: 11    Spells: 4/12 levels left

rFire    . . .     SeeInvis .   p - +0 long sword
rCold    . . .     Gourm    .   (no shield)
rNeg     . . .     Faith    +   a - +0 robe
rPois    .         Spirit   .   d - +0 helmet
rElec    .         Reflect  .   m - +0 cloak
rCorr    .         Harm     .   (no gloves)
MR       .....                  (no boots)
Stlth    ++........             s - amulet of faith {!P}
HPRegen  0.15/turn              (no ring)
MPRegen  0.12/turn              (no ring)

@: no status effects
A: no striking features
a: no special abilities


You were on level 4 of the Dungeon.
You were not hungry.

You visited 1 branch of the dungeon, and saw 4 of its levels.

You collected 251 gold pieces.

Inventory:

Hand Weapons
 b - a +0 whip
 p - a +0 long sword (weapon)
Missiles
 g - 5 poisoned darts (quivered)
Armour
 a - a +0 robe (worn)
 d - a +0 helmet (worn)
 m - a +0 cloak (worn)
Jewellery
 s - an amulet of faith (around neck) {!P}
Wands
 j - a wand of iceblast (10)
Scrolls
 e - 2 scrolls of random uselessness {unknown}
 h - 3 scrolls of teleportation {unknown}
 i - 2 scrolls of enchant armour {unknown}
 l - 2 scrolls of remove curse {unknown}
 o - 2 scrolls of enchant weapon {unknown}
Potions
 f - a potion of haste {unknown}
 k - a potion of flight
 n - 3 potions of curing
 q - a potion of lignification {unknown}
 r - 2 potions of brilliance {unknown}
Comestibles
 c - 4 rations


   Skills:
 - Level 1.5 Dodging
 - Level 1.5 Stealth
 * Level 3.5 Spellcasting
 + Level 3.3 Conjurations
 + Level 5.0 Fire Magic


You had 4 spell levels left.
You knew the following spells:

 Your Spells              Type           Power        Failure   Level  Hunger
a - Flame Tongue          Conj/Fire      ###..        3%          1    None
c - Conjure Flame         Conj/Fire      ###.....     9%          3    ###....
d - Sticky Flame          Conj/Fire      ###.....     30%         4    ####...

Your spell library contained the following spells:

 Spells                   Type           Power        Failure   Level  Hunger
 Throw Flame              Conj/Fire      ###...       4%          2    ##.....
 Inner Flame              Hex/Fire       ##......     19%         3    ###....
 Fireball                 Conj/Fire      ###.......   63%         5    ######.


Dungeon Overview and Level Annotations

Branches:
Dungeon (4/15)
 Temple: D:4-7

Altars:
Okawaru


Message History

Casting: Flame Tongue (safe; 3% risk of failure)
Confirm with . or Enter, or press ? or * to list all spells.
Aiming: Flame Tongue (safe; 3% risk of failure)
Press: ? - help, Shift-Dir - straight line, f/p - ogre
Aim: an ogre, wielding a +0 giant club (severely wounded, poisoned)
The flame tongue misses the ogre.
The ogre hits you with a +0 giant club!!
Ouch! That really hurt!
You hear a bark!
Unknown command.
Casting: Flame Tongue (safe; 3% risk of failure)
Confirm with . or Enter, or press ? or * to list all spells.
Aiming: Flame Tongue (safe; 3% risk of failure)
Press: ? - help, Shift-Dir - straight line, f/p - ogre
Aim: an ogre, wielding a +0 giant club (severely wounded, poisoned)
The flame tongue hits the ogre.
The ogre is severely wounded.
Unknown command.
The ogre looks more healthy.
The ogre hits you with a +0 giant club!
You die...

#...# .(. #.# #........
##### ... #.# #........
.( #.# #.....#.[
######'####.# #........
....$.....#.# ###....#...
..........#.###......+...
..........#..........#...
........O.#....)#...##...
.....###@.#.######.###...
... ##.#........).#### .
#....##.........<
##...##.......###
#...##..........
#...############ #....
...... .##.....


You could see an ogre.

Vanquished Creatures
  A centaur skeleton (D:4)
  An iguana (D:4)
  Terence (D:3)
  2 worker ants (D:4)
  Robin (D:2)
  11 adders
  An ooze (D:1)
  A worm (D:3)
  2 dart slugs
  An orc (D:3)
  10 bats
  A giant cockroach (D:3)
  17 hobgoblins
  3 quokkas
  3 ball pythons
  4 frilled lizards
  13 goblins
  6 kobolds
  6 rats
85 creatures vanquished.

Notes
Turn   | Place    | Note
-------+----------+-------------------------------------------
     0 | D:1      | mopl the Hill Orc Fire Elementalist began the quest for the
                  | Orb.
     0 | D:1      | Reached XP level 1. HP: 14/14 MP: 3/3
   128 | D:1      | Reached XP level 2. HP: 20/20 MP: 0/4
   845 | D:2      | Reached skill level 2 in Spellcasting
   845 | D:2      | Reached XP level 3. HP: 26/26 MP: 2/6
   850 | D:2      | Learned a level 3 spell: Conjure Flame
   899 | D:2      | Noticed Robin
   909 | D:2      | Killed Robin
   909 | D:2      | Reached skill level 2 in Conjurations
  1377 | D:2      | Reached skill level 4 in Fire Magic
  1377 | D:2      | Reached XP level 4. HP: 29/33 MP: 3/7
  1716 | D:2      | Found an iron altar of Okawaru.
  2219 | D:3      | Noticed Terence
  2227 | D:3      | Killed Terence
  2227 | D:3      | Reached XP level 5. HP: 38/38 MP: 2/8
  2236 | D:3      | Learned a level 4 spell: Sticky Flame
  2878 | D:3      | Reached skill level 3 in Spellcasting
  3325 | D:4      | Reached skill level 3 in Conjurations
  3554 | D:4      | Reached XP level 6. HP: 20/45 MP: 1/10
  3835 | D:4      | Reached skill level 5 in Fire Magic
  3994 | D:4      | Slain by an ogre

Levels and vault maps discovered:
D:1:      onia_arrival_mini_maze_b, layout_rooms
D:2:      minmay_chambers_of_ones, layout_basic, first_ration, okawaru_trees_2,
          uniq_robin
D:3:      layout_basic, uniq_terence
D:4:      layout_basic

Skill      XL: |  1  2  3  4  5  6 |
---------------+-------------------+-----
Spellcasting   | 2 3 |  3.5
Conjurations   | 2 3 |  3.3
Fire Magic     | 4 5 |  5.0
Dodging        | |  1.5
Stealth        | |  1.5

Action                   |  1- 3 |  4- 6 || total
-------------------------+-------+-------++-------
Melee: Whip              |     6 |    15 ||    21
       Long sword        |       |    46 ||    46
Throw: Dart              |       |     7 ||     7
 Cast: Flame Tongue      |    43 |    88 ||   131
       Sticky Flame      |       |     2 ||     2
  Use: Scroll            |       |     3 ||     3
       Potion            |       |     1 ||     1
 Stab: Sleeping          |       |     5 ||     5
  Eat: Chunk             |     2 |     9 ||    11
Armor: Robe              |       |    32 ||    32
Dodge: Dodged            |    16 |    84 ||   100
       Rpst.: Long sword |       |    24 ||    24

Table legend:
 A = Non-vault XP
 B = Vault XP
 C = Vault XP percentage of total XP
 D = Non-vault monster count
 E = Vault monster count
 F = Vault count percentage of total count
                 A         B        C        D         E       F
            +---------+---------+-------+---------+---------+-------
      Total |     395 |      76 |  16.1 |      68 |      17 |  20.0
            +---------+---------+-------+---------+---------+-------
        D:1 |      25 |       6 |  19.4 |      10 |       3 |  23.1
        D:2 |      72 |      34 |  32.1 |      24 |      13 |  35.1
        D:3 |     104 |      36 |  25.7 |      26 |       1 |   3.7
        D:4 |     194 |       0 |   0.0 |       8 |       0 |   0.0
            +---------+---------+-------+---------+---------+-------
